 Dungeon Crawl Stone Soup version 0.26-a0-540-g8a0c9464d7 (webtiles) character file.

Game seed: 889827593782722386

31 kae the Ruffian (level 3, 28/28 HPs)
             Began as a Demonspawn Gladiator on Aug 24, 2020.
             Quit the game on level 1 of the Dungeon.
             The game lasted 00:00:48 (758 turns).

kae the Ruffian (Demonspawn Gladiator)               Turns: 758, Time: 00:00:49

Health: 28/28      AC:  5    Str: 15    XL:     3   Next: 7%
Magic:  3/3        EV: 12    Int:  9    God:
Gold:   12         SH:  0    Dex: 14    Spells: 2/2 levels left

rFire    . . .     SeeInvis .   d - +0 spear
rCold    . . .     Faith    .   (no shield)
rNeg     . . .     Spirit   .   a - +0 leather armour
rPois    .         Reflect  .   (helmet restricted)
rElec    .         Harm     .   (no cloak)
rCorr    .                      (no gloves)
MR       .....                  (no boots)
Stlth    +.........             (no amulet)
HPRegen  0.09/turn              (no ring)
MPRegen  0.08/turn              (no ring)

@: no status effects
A: horns 1, slimy green scales 1
a: no special abilities


You were on level 1 of the Dungeon.
You visited 1 branch of the dungeon, and saw 1 of its levels.

You collected 12 gold pieces.

Inventory:

Hand Weapons
 d - a +0 spear (weapon)
Missiles
 c - 3 throwing nets (quivered)
Armour
 a - a +0 leather armour (worn)
 b - a +0 helmet
Scrolls
 f - a scroll of blinking {unknown}
 g - 3 scrolls of identify {unknown}
 j - a scroll of amnesia {unknown}
 k - a scroll of remove curse {unknown}
Potions
 e - 3 potions of curing {unknown}
 h - a potion of invisibility {unknown}
 i - a potion of cancellation {unknown}


   Skills:
 + Level 2.5 Fighting
 - Level 1.7 Throwing
 - Level 2.6 Dodging
 * Level 3.5 Unarmed Combat


You had 2 spell levels left.
You didn't know any spells.
Your spell library was empty.

Dungeon Overview and Level Annotations

Branches:
Dungeon (1/15)

Altars:


Innate Abilities, Weirdness & Mutations

You have a pair of small horns on your head.
You are partially covered in slimy green scales. (AC +2)


Message History

No target in view!
No target in view!
No target in view!
No target in view!
No target in view!
No target in view!
No target in view!
No target in view!
No target in view!
k - a scroll labeled RUMMUR UTYNI
Found 5 poisoned darts.
Found 26 sling bullets and 23 arrows.
g - 2 scrolls labeled DEIC QOYSUSURA (gained 1)
g - 3 scrolls labeled DEIC QOYSUSURA (gained 1) Done exploring.
Done exploring.
Done exploring.
No target in view!
No target in view!
Are you sure you want to abandon this character and quit the game? (Confirm with "yes".)

#...#..###.##.......# ###.
#####.##..###......###.# #...
#..........####..#.(.(.# #.##
#...................##.# #...
#...........####......(#######
#..........###...#..........#.
#######...##.## #.#####........##
......†..###.# ##.# #.....##.##
.........# #.# #@.# #......#...
.........# #.###.## #..........
.........###.##..# #........##
.......#.....##.#########.......#
......†#.....#.÷..>((.....#####..
................########### ##.
................# ##### ##.
#######.......### #...###..
##.....## #.......#


There were no monsters in sight!

Vanquished Creatures
  An ooze (D:1)
  A dart slug (D:1)
  A leopard gecko (D:1)
  2 giant cockroaches (D:1)
  2 goblins (D:1)
  A hobgoblin (D:1)
  2 jackals (D:1)
  5 kobolds (D:1)
  4 bats (D:1)
  2 frilled lizards (D:1)
  A rat (D:1)
22 creatures vanquished.

Notes
Turn   | Place    | Note
-------+----------+-------------------------------------------
     0 | D:1      | kae the Demonspawn Gladiator began the quest for the Orb.
     0 | D:1      | Reached XP level 1. HP: 16/16 MP: 1/1
   140 | D:1      | Reached skill level 3 in Unarmed Combat
   148 | D:1      | Gained mutation: You are partially covered in slimy green
                  | scales. (AC +2) [demonic ancestry]
   148 | D:1      | Reached XP level 2. HP: 14/22 MP: 2/2
   640 | D:1      | Gained mutation: You have a pair of small horns on your
                  | head. [demonic ancestry]
   640 | D:1      | Reached XP level 3. HP: 26/28 MP: 3/3
   758 | D:1      | Quit the game

Illustrated notes

Levels and vault maps discovered:
D:1:      dpeg_arrival_renting, layout_rooms

Skill      XL: |  1 |
---------------+----+-----
Unarmed Combat | 3 |  3.5
Fighting       | |  2.5
Throwing       | |  1.7
Dodging        | |  2.6

Action                   || total
-------------------------++-------
Melee: Spear             ||    85
       Unarmed           ||    16
Armor: Leather armour    ||    41
Dodge: Dodged            ||    74

Table legend: (Time is in decaauts)
 A = Elapsed time spent in this place.
 B = Non-inter-level travel time spent in this place.
 C = Inter-level travel time spent in this place.
 D = Time resting spent in this place.
 E = Time spent auto-exploring this place.
 F = Levels seen in this place.
 G = Mean time per level.
                   A        B        C        D        E       F      G
               +--------+--------+--------+--------+--------+-----+--------+
         Total |    765 |    765 |      0 |     96 |    485 |   1 |  765.0 |
       Dungeon |    765 |    765 |      0 |     96 |    485 |   1 |  765.0 |
               +--------+--------+--------+--------+--------+-----+--------+

Top non-repeatable levels by time:
     D:1: 765 daAuts
